 Dungeon Crawl Stone Soup version 0.29-a0-422-gafbd6decc1 (console) character file.

Game seed: 14538071053596356240

22262 jejorda2 the Impaler (level 12, -7/132 HPs)
             Began as a Merfolk Fighter on May 18, 2022.
             Was a High Priest of Okawaru.
             Mangled by a tengu warrior
             ... wielding a +2 dire flail
              (16 damage)
             ... on level 12 of the Dungeon.
             The game lasted 00:44:00 (16617 turns).

jejorda2 the Impaler (Merfolk Fighter)             Turns: 16617, Time: 00:44:01

Health: -7/132     AC: 17    Str: 21    XL:     12   Next: 98%
Magic:  11/17      EV: 19    Int:  7    God:    Okawaru [*****.]
Gold:   613        SH:  0    Dex: 26    Spells: 10/11 levels left

rFire   . . .      SeeInvis .   a - +3 glaive (flame)
rCold   . . .      Faith    +   (shield currently unavailable)
rNeg    . . .      Spirit   .   H - +2 scale mail {rPois}
rPois   +          Reflect  .   s - +0 helmet
rElec   .          Harm     .   I - +2 cloak {rCorr}
rCorr   +          Rampage  .   h - +0 pair of gloves {Stlth+}
Will    .....                   (no boots)
Stlth   ..........              f - amulet of faith
HPRegen 0.32/turn               g - +6 ring of dexterity
MPRegen 0.15/turn               G - +6 ring of dexterity

@: mighty, berserking, lethally poisoned (-7 -> -17), heroic, attractive, very
quick
A: (nimble swimmer 2), mertail
a: Renounce Religion, Heroism, Finesse, Duel


You were on level 12 of the Dungeon.
You worshipped Okawaru.
Okawaru was extremely pleased with you.
You visited 2 branches of the dungeon, and saw 14 of its levels.
You also visited: Bailey.

You collected 613 gold pieces.

Inventory:

Hand Weapons
 a - a +3 glaive of flaming (weapon)
 b - a +0 bardiche
Missiles
 j - 8 datura-tipped darts
 k - 6 curare-tipped darts
 p - 293 stones
 x - 17 boomerangs (quivered)
 y - 38 poisoned darts
 B - 4 silver javelins
 E - 6 boomerangs of dispersal
 L - 4 javelins
 M - 4 throwing nets
 Q - 6 atropa-tipped darts
Armour
 h - a +0 pair of gloves of stealth (worn)
 i - +0 ice dragon scales
 s - a +0 helmet (worn)
 H - a +2 scale mail of poison resistance (worn)
 I - a +2 cloak of preservation (worn)
 N - a +0 scale mail of fire resistance
Jewellery
 f - an amulet of faith (around neck)
 g - a +6 ring of dexterity (left hand)
 G - a +6 ring of dexterity (right hand)
Wands
 e - a wand of polymorph (8)
 z - a wand of flame (39)
 F - a wand of mindburst (20)
 K - a wand of acid (4)
 O - a wand of paralysis (4)
Scrolls
 c - a scroll of blinking
 m - 2 scrolls of poison
 n - 11 scrolls of teleportation
 q - a scroll of enchant weapon
 u - 2 scrolls of amnesia
 v - 2 scrolls of immolation
 R - a scroll of brand weapon
Potions
 l - 6 potions of curing
 o - 6 potions of brilliance
 r - 2 potions of ambrosia
 t - a potion of flight
 w - a potion of invisibility
 A - 6 potions of lignification
 D - 2 potions of mutation
 S - a potion of resistance


   Skills:
 - Level 6.0(11.0) Fighting
 - Level 20.0(25.0) Polearms
 + Level 7.9(12.9) Throwing
 - Level 6.0(11.0) Armour
 - Level 6.0(11.0) Dodging
 - Level 3.0(8.0) Shields
 - Level 7.0 Invocations
 + Level 2.7 Evocations


You had 10 spell levels left.
You knew the following spells:

 Your Spells              Type           Power      Damage    Failure   Level
o - Apportation           Tloc           0%         N/A       71%         1

Your spell library contained the following spells:

 Spells                   Type           Power      Damage    Failure   Level
 Beastly Appendage        Tmut           0%         N/A       71%         1
 Ensorcelled Hibernation  Hex/Ice        0%         N/A       83%         2
 Wereblood                Tmut           0%         N/A       83%         2
 Dazzling Flash           Conj/Hex       0%         N/A       97%         3
 Portal Projectile        Hex/Tloc       0%         N/A       97%         3
 Spider Form              Tmut/Pois      0%         N/A       97%         3
 Anguish                  Hex/Necr       0%         N/A       100%        4
 Iskenderun's Mystic Bla  Conj/Tloc      0%         2d3       100%        4
 Blade Hands              Tmut           0%         N/A       100%        5
 Borgnjor's Vile Clutch   Necr/Erth      0%         N/A       100%        5
 Excruciating Wounds      Necr           0%         N/A       100%        5
 Starburst                Conj/Fire      0%         6d3       100%        6
 Animate Skeleton         Necr           Unusable   N/A       N/A         1
 Summon Small Mammal      Summ           Unusable   N/A       N/A         1
 Animate Dead             Necr           Unusable   N/A       N/A         4
 Death Channel            Necr           Unusable   N/A       N/A         6

Dungeon Overview and Level Annotations

Branches:
Dungeon (13/15)            Temple (1/1) D:4            Lair (0/6) D:11
    Orc (0/2) D:9          Bailey (visited)
 Vaults: D:13-14

Altars:
Ashenzari
Cheibriados
Dithmenos
Elyvilon
Fedhas
Gozag
Hepliaklqana
Kikubaaqudgha
Makhleb
Nemelex Xobeh
Okawaru
Qazlal
Ru
Sif Muna
Trog
Uskayaw
Vehumet
Wu Jian
Xom
Yredelemnul
Zin
The Shining One

Shops:
D:5 =   D:11 [

Annotations:
D:9 3 runed translucent doors, Gelion's ghost, novice OgGl
D:12 hquester's ghost, journeyman DsAK


Innate Abilities, Weirdness & Mutations

((You are very nimble when in or above water. (Stealth+, EV+, Speed+++)))
Your lower body shifts to a powerful aquatic tail in water.


Message History

The tengu warrior is severely wounded.
You feel sick. The merfolk impaler closely misses you.
The centaur warrior is engulfed in poison gas.
The centaur warrior looks as sick as possible!
The deep elf archer is attracted toward you.
Unknown command.
You closely miss the tengu warrior.
The tengu warrior is severely wounded.
You feel sick.
The deep elf archer looks more healthy.
The orc warrior is engulfed in poison gas.
The orc warrior looks even sicker.
The tengu warrior hits you but does no damage.
The tengu warrior pecks you but does no damage.
The tengu warrior completely misses you.
The merfolk impaler barely misses you.
The deep elf archer is poisoned.
The deep elf archer hits you with a +0 short sword of flaming!
* * * LOW HITPOINT WARNING * * *
The deep elf archer burns you.
* * * LOW HITPOINT WARNING * * *
Hquester's ghost barely misses you.
The tengu warrior hits you but does no damage.
The centaur warrior is engulfed in poison gas.
The centaur warrior looks as sick as possible!
The centaur warrior wields a +0 longbow.
The centaur warrior shoots an arrow.
The arrow hits you but does no damage.
The orc warrior is attracted toward you.
You are too berserk!
You completely miss the orc knight.
* * * LOW HITPOINT WARNING * * *
You feel sick. The merfolk impaler closely misses you.
You slice the orc knight!! You burn the orc knight.
The orc knight is moderately wounded.
* * * LOW HITPOINT WARNING * * *
You feel sick. The orc warrior barely misses you.
The orc knight is engulfed in poison gas.
The orc knight is poisoned.
The orc knight barely misses you.
The centaur warrior is engulfed in poison gas.
The centaur warrior looks as sick as possible!
The tengu warrior hits you with a +2 dire flail!
You die...

#...........#...............##...
#..#......○§○§§###..........##...
#..#.....§.☼§○§.###.##....<.(....
.........☼§.§§§###..§............
.........§§§.§§§##.§###§.....#..#
.........§§§☼.☼§###§##§§.....##.#
.†.......○§§§○#○○#○§§☼○§.#.......
.........§§§§§§§e○§§○###.###.#.>.
...........#○§§§@o§☼§###.........
.........#.####WoQ####....##.#...
.........#.#.☼Q§cm§§.#.####..#...
...#.#####.#☼#8.o○8#§### #...#..#
.##### ##.#.☼§§.§§§.#.####....##
.# ####..#§#8§§☼8#§#..###..####
.# #.....#§○§§○§§§☼#...###.# #
.######...##§§§#○#§○○#...##..####
..##.#..>.# #....#...##.


You could see a merfolk impaler, an orc knight (poisoned), 2 tengu warriors, a
centaur warrior (extremely poisoned), a deep elf archer (repels missiles,
poisoned), 2 orc warriors and hquester's ghost.

Vanquished Creatures
  Snorg (D:11)
  A boulder beetle (D:11)
  Harold (D:11)
  A hydra (D:12)
  3 two-headed ogres
  A tengu warrior (D:11)
  3 skeletal warriors (D:12)
  Pikel (D:9)
  3 manticores
  An ugly thing (D:12)
  2 cyclopes (D:12)
  Maurice (D:9)
  3 gargoyles
  4 unseen horrors
  Psyche (D:11)
  Maggie (D:9)
  3 trolls
  A hornet (D:8)
  2 vampires
  3 wraiths
  A shadow (D:11)
  A wyvern (D:11)
  16 yaks
  Grum (D:11)
  A steam dragon (D:8)
  6 vampire mosquitoes
  An acid dragon (D:5)
  A water moccasin (D:3)
  3 ice beasts
  A sky beast (D:7)
  3 orc warriors (Bailey)
  2 black bears (D:7)
  An ogre (D:6)
  3 wolves (D:11)
  6 centaurs
  A lemure (D:9)
  7 kobold brigands
  2 gnoll sergeants
  4 scorpions
  A necrophage (D:4)
  11 wights
  5 killer bees
  7 howler monkeys
  A crimson imp (D:4)
  3 gnoll shamans
  3 jellies
  3 hounds
  7 orc priests
  Jessica (D:3)
  Terence (D:2)
  3 iguanas
  12 orc wizards
  20 gnolls
  8 adders
  2 shadow imps
  5 white imps
  3 ufetubi
  2 worms
  3 dart slugs
  31 orcs
  5 ball pythons (D:1)
  7 endoplasms
  2 giant cockroaches
  15 goblins
  8 hobgoblins
  4 jackals (D:4)
  26 kobolds
  A quokka (D:1)
  7 bats
  7 frilled lizards
  3 rats
315 creatures vanquished.

Notes
Turn   | Place    | Note
-------+----------+-------------------------------------------
     0 | D:1      | jejorda2 the Merfolk Fighter began the quest for the Orb.
     0 | D:1      | Reached XP level 1. HP: 18/18 MP: 1/1
   196 | D:1      | Reached skill level 3 in Polearms
   202 | D:1      | Reached XP level 2. HP: 23/24 MP: 2/2
   226 | D:1      | Learned a level 1 spell: Apportation
   549 | D:1      | Reached XP level 3. HP: 29/29 MP: 3/3
   640 | D:1      | Reached skill level 4 in Polearms
   957 | D:2      | Noticed Terence
   969 | D:2      | Killed Terence
   970 | D:2      | Reached XP level 4. HP: 27/37 MP: 4/4
  1103 | D:2      | Found a basalt altar of Yredelemnul.
  1375 | D:2      | Identified the +2 ring mail of the New World {+Inv rN+
                  | Regen+}
  1449 | D:3      | Found a snail-covered altar of Cheibriados.
  1522 | D:3      | Noticed a scorpion
  1534 | D:3      | Killed a scorpion
  1535 | D:3      | Reached skill level 5 in Polearms
  1535 | D:3      | Reached XP level 5. HP: 40/43 MP: 5/5
  1764 | D:3      | Noticed an ice beast
  1823 | D:3      | Killed an ice beast
  1824 | D:3      | Reached skill level 6 in Polearms
  1824 | D:3      | Reached XP level 6. HP: 34/49 MP: 6/6
  2035 | D:3      | Noticed a water moccasin
  2035 | D:3      | Noticed an ice beast
  2046 | D:3      | Killed a water moccasin
  2051 | D:3      | Killed an ice beast
  2052 | D:3      | Reached skill level 5 in Fighting
  2052 | D:3      | Reached skill level 7 in Polearms
  2052 | D:3      | Reached XP level 7. HP: 44/56 MP: 7/7
  2121 | D:3      | Noticed Jessica
  2127 | D:3      | Killed Jessica
  2353 | D:3      | Found a faded altar of an unknown god.
  3270 | D:4      | Reached skill level 8 in Polearms
  3325 | D:4      | Found a staircase to the Ecumenical Temple.
  3336 | Temple   | Entered the Ecumenical Temple
  3836 | Temple   | Became a worshipper of Warmaster Okawaru
  3871 | D:5      | Entered Level 5 of the Dungeon
  4037 | D:5      | Reached XP level 8. HP: 64/64 MP: 8/8
  4046 | D:5      | Reached skill level 1 in Invocations
  4214 | D:5      | Reached skill level 9 in Polearms
  4423 | D:5      | Reached * piety under Okawaru
  4639 | D:5      | Found Xaril's Jewellery Emporium.
  5171 | D:6      | Reached skill level 10 in Polearms
  5298 | D:6      | Found a basalt altar of Yredelemnul.
  5319 | D:6      | Reached XP level 9. HP: 38/69 MP: 11/11
  5491 | D:6      | Reached ** piety under Okawaru
  5690 | D:6      | Reached skill level 11 in Polearms
  5710 | D:6      | HP: 3/69 [orc priest/nerve-wracking pain (5)]
  6078 | D:6      | Identified the +11 war axe of Amorality {antimagic, Int+3}
  6094 | D:6      | Reached skill level 5 in Armour
  6146 | D:6      | Noticed a gargoyle
  6164 | D:6      | Killed a gargoyle
  6875 | D:7      | Found an opulent altar of Gozag.
  6940 | D:7      | Found a flagged portal.
  6950 | Bailey   | Entered a bailey
  6968 | Bailey   | Reached skill level 12 in Polearms
  6973 | Bailey   | Reached *** piety under Okawaru
  6974 | Bailey   | Reached skill level 5 in Invocations
  7637 | Bailey   | Found a bloodstained altar of Trog.
  7645 | Bailey   | Identified the +1 leather armour "Uti Uni" {Will+ rCorr
                  | Str+4}
  7718 | D:7      | Reached XP level 10. HP: 74/76 MP: 14/14
  7981 | D:7      | Reached skill level 13 in Polearms
  8048 | D:7      | Found a white marble altar of Elyvilon.
  8881 | D:8      | Reached **** piety under Okawaru
  9684 | D:9      | Found a runed translucent gate.
  9686 | D:9      | Found a runed translucent gate.
  9687 | D:9      | Found a runed translucent gate.
  9687 | D:9      | Noticed a centaur warrior
  9687 | D:9      | Noticed Gelion's ghost (novice OgGl)
  9688 | D:9      | Noticed a fire crab
  9775 | D:9      | a fire crab changed into a swamp worm
  9810 | D:9      | Reached skill level 14 in Polearms
  9822 | D:9      | Reached ***** piety under Okawaru
 10198 | D:9      | Reached skill level 15 in Polearms
 10452 | D:9      | Noticed Pikel
 10456 | D:9      | Paralysed by Pikel for 4 turns
 10472 | D:9      | Killed Pikel
 10473 | D:9      | Reached skill level 1 in Throwing
 10621 | D:9      | Noticed Maurice
 10762 | D:9      | Killed Maurice
 10763 | D:9      | Reached XP level 11. HP: 81/81 MP: 16/16
 10808 | D:9      | Found a staircase to the Orcish Mines.
 10942 | D:9      | Noticed Maggie
 10950 | D:9      | Killed Maggie
 10951 | D:9      | Reached skill level 16 in Polearms
 11062 | D:9      | Noticed an ice dragon
 11066 | D:10     | Entered Level 10 of the Dungeon
 11113 | D:10     | Found a bloodstained altar of Trog.
 11177 | D:10     | Noticed a two-headed ogre
 11184 | D:10     | Killed a two-headed ogre
 11184 | D:10     | Received a gift from Okawaru
 11187 | D:10     | Noticed a two-headed ogre
 11194 | D:10     | Killed a two-headed ogre
 11972 | D:10     | Reached ****** piety under Okawaru
 11972 | D:10     | Received a gift from Okawaru
 11988 | D:10     | Reached skill level 17 in Polearms
 12302 | D:10     | Found a sparkling altar of Nemelex Xobeh.
 12540 | D:11     | Noticed Snorg
 12554 | D:11     | Killed Snorg
 12555 | D:11     | Reached skill level 1 in Dodging
 12722 | D:11     | Found a snail-covered altar of Cheibriados.
 12722 | D:11     | Found Cheibriados's Comfort Zone.
 12792 | D:11     | You fall into a shaft and drop 2 floors!
 12850 | D:12     | Noticed a manticore
 12861 | D:12     | Killed a manticore
 12862 | D:12     | Reached skill level 5 in Throwing
 13146 | D:12     | Noticed a skeletal warrior
 13146 | D:12     | Noticed a skeletal warrior
 13146 | D:12     | Noticed a skeletal warrior
 13165 | D:12     | Killed a skeletal warrior
 13174 | D:12     | Killed a skeletal warrior
 13195 | D:12     | Killed a skeletal warrior
 13196 | D:12     | Reached skill level 18 in Polearms
 13196 | D:12     | Reached XP level 12. HP: 57/88 MP: 13/17
 13329 | D:12     | Found a runed translucent gate.
 13329 | D:12     | Found a runed translucent gate.
 13329 | D:12     | Found a runed translucent gate.
 13330 | D:12     | Noticed a tengu warrior
 13332 | D:12     | Noticed a merfolk impaler
 13332 | D:12     | Noticed a tengu warrior
 13333 | D:12     | Noticed a centaur warrior
 13334 | D:12     | Noticed hquester's ghost (journeyman DsAK)
 13342 | D:12     | Found an iron altar of Okawaru.
 13469 | D:11     | Received a gift from Okawaru
 13470 | D:11     | Reached skill level 5 in Dodging
 13553 | D:11     | Noticed a boulder beetle
 13557 | D:11     | Noticed Harold
 13565 | D:11     | Killed a boulder beetle
 13577 | D:11     | Killed Harold
 13761 | D:11     | Received a gift from Okawaru
 13814 | D:11     | Noticed a tengu warrior
 13820 | D:11     | Killed a tengu warrior
 13824 | D:11     | Reached skill level 19 in Polearms
 14016 | D:11     | Found a staircase to the Lair.
 14026 | D:11     | Found a broken altar of Ashenzari.
 14218 | D:11     | Noticed Grum
 14227 | D:11     | Killed Grum
 14417 | D:11     | Noticed Psyche
 14428 | D:11     | Killed Psyche
 14712 | D:11     | Received a gift from Okawaru
 15255 | D:12     | Noticed a four-headed hydra
 15255 | D:12     | Noticed a two-headed ogre
 15259 | D:12     | Killed a one-headed hydra
 15264 | D:12     | Killed a two-headed ogre
 15265 | D:12     | Reached skill level 1 in Evocations
 16312 | D:12     | Reached skill level 20 in Polearms
 16617 | D:12     | Mangled by a tengu warrior

Illustrated notes

Levels and vault maps discovered:
D:1:      lemuel_arrival_lava_pool, layout_basic
D:2:      layout_basic, basic_altar, uniq_terence
D:3:      layout_basic, kennysheep_slug_shrine,
          shapermc_ecumenical_altar_flowoftime, chequers_serial_rivers_small_3,
          minmay_quantized, uniq_jessica
D:4:      layout_loops_ring, minmay_temple_entry_offerings,
          minmay_fire_ice_demons
D:5:      layout_rooms, serial_shops, kennysheep_mini
D:6:      layout_rooms, general_overflow_altar, serial_park_tiny_pond,
          nrook_loot_triangle, grunt_potential
D:7:      layout_gridville, grunt_gozag_breadcrumbs, elyvilon_altar_1,
          enter_bailey_3
D:8:      layout_loops_ring
D:9:      layout_stronghold, orc_0_dummy, gammafunk_ghost_split,
          solitary_fountain, chequers_serial_rivers_large_a,
          minmay_misc_feat_roman, kennysheep_generic_room_12, uniq_maggie,
          uniq_maurice, uniq_pikel
D:10:     hellmonk_destroyed_diamonds, layout_grid_maze, lemuel_round_altar,
          lemuel_crystal_altar
D:11:     minmay_evil_eye, layout_basic, lair_entry_dummy, minmay_shop_chei,
          nicolae_ashenzari_skybound, uniq_psyche, uniq_grum, uniq_harold,
          uniq_snorg
D:12:     layout_cave_pools, gammafunk_ghost_fury_of_okawaru, eino_curves_02,
          hex_medium
D:13:     layout_basic, serial_shops, shop
Temple:   nicolae_temple_x_marks_the_god

Skill      XL: |  1  2  3  4  5  6  7  8  9 10 11 12 |
---------------+-------------------------------------+-----
Polearms       | 3 4 5 6 7 8 10 12 15 18 20 | 20.0
Fighting       | 4 5 6 |  6.0
Armour         | 3 4 5 6 |  6.0
Invocations    | 3 5 7 |  7.0
Throwing       | 2 5 7 |  7.9
Dodging        | 4 6 |  6.0
Evocations     | 2 |  2.7
Shields        | |  3.0

Action                   |  1- 3 |  4- 6 |  7- 9 | 10-12 || total
-------------------------+-------+-------+-------+-------++-------
Melee: Trident           |   111 |   101 |   217 |       ||   429
       Halberd           |       |       |   214 |   251 ||   465
       Tailslap          |       |       |     2 |       ||     2
       Glaive            |       |       |       |   284 ||   284
Throw: Stone             |     4 |    18 |    47 |     4 ||    73
       Boomerang         |       |       |     2 |     8 ||    10
       Dart              |       |       |     4 |    25 ||    29
       Javelin           |       |       |       |     9 ||     9
 Cast: Apportation       |     2 |       |       |       ||     2
Invok: Heroism           |       |       |     6 |     8 ||    14
       Finesse           |       |       |       |     3 ||     3
Evoke: Wand              |       |       |     1 |       ||     1
  Use: Potion            |       |     1 |     3 |     3 ||     7
       Scroll            |       |       |    13 |     6 ||    19
 Stab: Distracted        |       |       |     1 |       ||     1
Armor: Scale mail        |    14 |       |       |   147 ||   161
       Ice dragon scales |    31 |    19 |     1 |       ||    51
       Plate armour      |     8 |    35 |   168 |   117 ||   328
       Skin              |       |       |       |     5 ||     5
Dodge: Dodged            |    29 |    23 |    63 |   266 ||   381
Block: Buckler           |    23 |    28 |    39 |       ||    90

Table legend: (Time is in decaauts)
 A = Elapsed time spent in this place.
 B = Non-inter-level travel time spent in this place.
 C = Inter-level travel time spent in this place.
 D = Time resting spent in this place.
 E = Time spent auto-exploring this place.
 F = Levels seen in this place.
 G = Mean time per level.
                   A        B        C        D        E       F      G
               +--------+--------+--------+--------+--------+-----+--------+
         Total |  16424 |  15785 |    639 |   1765 |  11334 |  15 | 1094.9 |
       Dungeon |  15632 |  15017 |    615 |   1464 |  11074 |  13 | 1202.5 |
        Temple |     76 |     52 |     24 |      0 |     46 |   1 |   76.0 |
        Bailey |    715 |    715 |      0 |    301 |    213 |   1 |  715.0 |
               +--------+--------+--------+--------+--------+-----+--------+

Top non-repeatable levels by time:
    D:11: 2132 daAuts
    D:10: 1702 daAuts
    D:12: 1592 daAuts
     D:6: 1545 daAuts
     D:9: 1362 daAuts
     D:5: 1337 daAuts
     D:7: 1322 daAuts
     D:4: 1194 daAuts
     D:3: 1170 daAuts
     D:1: 817 daAuts
     D:8: 790 daAuts
  Bailey: 715 daAuts
     D:2: 632 daAuts
  Temple: 76 daAuts
    D:13: 33 daAuts
